 Dungeon Crawl Stone Soup version 0.21-a0-426-g98080a9 (webtiles) character file.

239039 tilp the Bludgeoner (level 19, -6/217 HPs)
             Began as a Deep Dwarf Fighter on Nov 7, 2017.
             Was the Champion of Makhleb.
             Killed from afar by a merfolk aquamancer (29 damage)
             ... with a torrent of water
             ... on level 4 of the Shoals.
             The game lasted 02:28:34 (31701 turns).

tilp the Bludgeoner (Deep Dwarf Fighter)           Turns: 31701, Time: 02:28:35

Health: -6/217     AC: 33    Str: 31    XL:     19   Next: 1%
Magic:  16/16      EV: 15    Int: 10    God:    Makhleb [******]
Gold:   1245       SH:  3    Dex: 14    Spells: 18/18 levels left

rFire    . . .     SeeInvis +   P - +2 great mace (flame)
rCold    . . .     Gourm    .   (shield currently unavailable)
rNeg     + . .     Faith    .   g - +3 chain mail {MR+}
rPois    .         Spirit   .   N - +2 helmet
rElec    .         Reflect  +   u - +2 cloak
rCorr    .         Harm     .   y - +2 pair of gloves
MR       +++..                  Y - +2 pair of boots of the Assassin {Detection Stab+ Stlth++}
Stlth    +.........             p - +3 amulet of reflection
HPRegen  0.00/turn              U - ring "Tarepp" {Str+4 SInv Stlth+}
MPRegen  0.15/turn              F - +5 ring of protection

@: non-regenerating
A: damage resistance, heal wounds, talons 1, agile 1, blink, deterioration 1,
negative energy resistance 1, sense surroundings 3, robust 1, wild magic 1,
evolution 1, no regeneration
}: 1/15 runes: gossamer
a: Heal Wounds, Blink, Minor Destruction, Lesser Servant of Makhleb, Major
Destruction, Greater Servant of Makhleb, Renounce Religion


You were on level 4 of the Shoals.
You worshipped Makhleb.
Makhleb was exalted by your worship.
You were not hungry.

You visited 6 branches of the dungeon, and saw 32 of its levels.
You also visited: Volcano.

You collected 3310 gold pieces.
You spent 2065 gold pieces at shops.

Inventory:

Hand Weapons
 r - a +4 great mace
 P - a +2 great mace of flaming (weapon)
Missiles
 K - 9 poisoned javelins (quivered)
 L - 6 javelins of returning
Armour
 g - a +3 chain mail of magic resistance (worn)
 u - a +2 cloak (worn)
 y - a +2 pair of gloves (worn)
 N - a +2 helmet (worn)
 T - +0 fire dragon scales
 Y - the +2 pair of boots of the Assassin (worn) {Detection Stab+ Stlth++}
   (You found it in a volcano)

   It makes you much more stealthy.
Jewellery
 b - an uncursed ring of resist corrosion
 p - a +3 amulet of reflection (around neck)
 F - a +5 ring of protection (right hand)
 H - a +2 ring of slaying
 I - an uncursed ring of protection from cold
 S - an uncursed ring of poison resistance
 U - the ring "Tarepp" (left hand) {Str+4 SInv Stlth+}
   (You found it on level 5 of the Lair of Beasts)

   [ring of stealth]

   It affects your strength (+4).
   It lets you see invisible.
   It makes you more stealthy.
Wands
 a - a wand of enslavement (8/24)
 d - a wand of confusion (21/48)
 q - a wand of disintegration (7/24)
 t - a wand of flame (35/48)
 A - a wand of iceblast (4/15)
 G - a wand of acid (8/15)
 O - a wand of polymorph (10/24)
 Q - a wand of paralysis (7/24)
 Z - a wand of lightning (3/15)
Scrolls
 e - 10 scrolls of remove curse
 h - 11 scrolls of teleportation
 i - 8 scrolls of fear
 k - 5 scrolls of enchant weapon
 l - 7 scrolls of fog
 o - 12 scrolls of magic mapping
 w - 2 scrolls of blinking
 D - a scroll of identify
 R - 10 scrolls of recharging
 X - a scroll of summoning
Potions
 c - a potion of ambrosia
 j - 2 potions of cancellation
 m - 8 potions of mutation
 n - 6 potions of haste
 v - 2 potions of curing
 B - 7 potions of flight
 E - 5 potions of agility
 J - 2 potions of invisibility
 M - 5 potions of might
 V - 6 potions of berserk rage
 W - a potion of resistance
Miscellaneous
 C - a lamp of fire
Comestibles
 f - 23 bread rations
 s - 4 chunks of flesh
 x - 2 royal jellies
 z - 12 meat rations


   Skills:
 + Level 18.8 Fighting
   Level 7.0(15.6) Axes
 - Level 19.7(20.0) Maces & Flails
 - Level 10.0 Armour
 - Level 10.0 Dodging
   Level 6.0 Shields
 - Level 10.3 Invocations


You had 18 spell levels left.
You didn't know any spells.

Dungeon Overview and Level Annotations

Branches:
Dungeon (15/15)            Temple (1/1) D:4            Lair (6/6) D:8
 Shoals (4/4) Lair:2       Spider (4/4) Lair:4        Slime (0/5) Lair:6
    Orc (2/2) D:11            Elf (0/3) Orc:2        Vaults (0/5) D:13
 Depths (0/5) D:15

Altars:
Ashenzari
Cheibriados
Dithmenos
Elyvilon
Fedhas
Gozag
Hepliaklqana
Kikubaaqudgha
Makhleb
Nemelex Xobeh
Okawaru
Qazlal
Ru
Sif Muna
Trog
Uskayaw
Vehumet
Wu Jian
Xom
Yredelemnul
Zin
The Shining One
Jiyva

Shops:
D:4 %   Orc:2 :?*!

Portals:
Trove: D:11 (give 5 potions of resistance)

Annotations:
Shoals:1 exclusions: kraken and 1 more exclusion
Spider:1 Asterion, Nikola


Innate Abilities, Weirdness & Mutations

You are resistant to damage.
You can heal yourself by infusing magical energy.
You resist negative energy. (rN+)
You passively map a large area around you.
You do not regenerate.
You have sharp toenails.
You are agile. (Dex +2)
You can translocate small distances at will.
Your body sometimes deteriorates upon taking damage.
You are robust. (+10% HP)
Your spells are a little harder to cast, but a little more powerful.
You evolve.


Message History

A merfolk aquamancer comes into view. It is wielding a rapier.
The merfolk aquamancer shouts!
There is a stone staircase leading up here.
Things that are here:
a tomahawk of returning; 4 steel javelins; 3 tomahawks The merfolk aquamancer casts a spell at you.
The shard of ice hits you!
The merfolk aquamancer casts a spell at you.
The ball of steam hits you!
* * * LOW HITPOINT WARNING * * *
The merfolk aquamancer casts a spell at you.
The ball of steam hits you!
* * * LOW HITPOINT WARNING * * *
You see here a tomahawk.
Unknown command.
You barely miss the merfolk aquamancer.
You are engulfed in a cloud of scalding steam.
The merfolk aquamancer casts a spell at you.
The torrent of water hits you!
You die...

≈ * ,, #≈≈≈≈≈≈≈≈≈≈ ≈≈≈ ≈ * ,
, #.≈≈≈≈≈≈≈≈≈≈≈≈ ≈ ≈ .
##.≈≈≈≈≈≈≈≈≈≈≈≈≈ ≈ ≈ ≈ ≈
#'##.....≈≈≈≈≈≈≈≈≈≈ ≈ ≈
.....≈.....≈≈≈≈≈≈≈≈
,..........≈≈≈≈≈..≈≈≈≈≈≈≈ ≈ ≈
,......≈..≈≈≈(≈≈≈≈≈≈≈≈≈≈≈ ≈≈≈
.....≈≈≈≈≈...§..≈≈(≈≈≈≈≈ ≈ ≈
.....≈≈≈≈....§§@m.≈≈≈≈≈≈≈≈≈ ≈
.....≈≈≈≈....)§§..≈≈≈≈≈≈≈≈≈≈≈
≈≈...≈≈≈≈≈.§§§≈(#...≈≈≈≈≈≈≈≈
≈ ≈ *
*#.≈≈≈≈)...)(....≈.≈≈≈≈≈≈
#≈≈((..§§≈)().....≈≈≈≈≈
#≈.....≈≈(..((...≈≈≈≈≈≈ ≈ ≈≈
,#≈..[.≈≈≈.(.....≈≈≈≈m≈≈ ≈ ,
#≈....≈≈.#).().(.≈≈≈≈≈≈≈
#≈≈≈....(((.(...(≈#####


You could see a merfolk aquamancer.

Vanquished Creatures
  Jorgrun (Spider:2)
  Kirke (D:15)
  4 ghost moths
  9 emperor scorpions
  4 entropy weavers
  Nessos (D:13)
  Azrael (Spider:2)
  2 spark wasps
  3 merfolk javelineers
  5 merfolk impalers
  Snorg (D:10)
  3 fire dragons
  An ice dragon (D:15)
  6 hydras
  Erica (D:11)
  5 merfolk avatars
  A catoblepas (Lair:2)
  4 centaur warriors
  6 merfolk aquamancers
  7 two-headed ogres
  A queen ant (Lair:4)
  3 alligator snapping turtles (Shoals:3)
  3 death yaks (D:8)
  Urug (D:13)
  Sonja (D:10)
  3 orc high priests (Orc:2)
  The ghost of kae the Grappler, a novice DrTm of Wu Jian (D:6)
  A wizard (D:15)
  3 unseen horrors
  10 sea snakes
  4 orc knights (Orc:2)
  Pikel (D:5)
  A lindwurm (Lair:6)
  15 orb spiders
  A deep elf mage (D:12)
  29 wolf spiders
  5 orc sorcerers (Orc:2)
  15 harpies
  17 fauns
  A salamander (Volcano)
  16 ugly things
  6 manticores
  16 elephants
  3 moths of wrath
  9 merfolk sirens
  7 water nymphs
  6 black mambas
  3 molten gargoyles (Lair:6)
  10 spiny frogs
  5 gargoyles
  A rime drake (Lair:6)
  A yaktaur (D:15)
  11 komodo dragons
  A kobold demonologist (D:11)
  7 demonic crawlers
  10 hornets
  23 jumping spiders
  33 merfolk
  3 trolls
  6 wind drakes
  A hornet (shapeshifter) (D:14)
  A polar bear (Lair:2)
  24 blink frogs
  11 dream sheep (Lair:6)
  9 hippogriffs
  8 snapping turtles
  61 redbacks
  65 yaks
  A centaur simulacrum (D:14)
  A spriggan (D:9)
  41 tarantellas
  3 shadows
  A fire bat (Volcano)
  A spriggan (shapeshifter) (D:14)
  A vampire (D:14)
  10 water elementals
  A wraith (D:15)
  5 wyverns (Lair:6)
  16 humans
  4 hogs (D:15)
  10 basilisks
  4 fire elementals (Spider:2)
  8 vampire mosquitoes
  2 hungry ghosts (D:11)
  2 steam dragons (Lair:6)
  5 swamp worms (Lair:5)
  19 soldier ants
  6 wargs
  Duvessa (D:6)
  11 hell hounds
  12 porcupines
  10 water moccasins
  A black bear (D:10)
  8 ice beasts
  2 eyes of draining (D:14)
  22 orc warriors
  4 ogres
  5 sky beasts
  3 phantoms
  7 centaurs
  7 crocodiles
  5 big kobolds
  20 bullfrogs
  A gnoll sergeant (D:5)
  Dowan (D:6)
  37 scorpions
  14 killer bees
  A wight (D:8)
  4 electric eels
  6 howler monkeys
  7 lava snakes
  5 crimson imps
  6 hounds
  A quasit (D:9)
  2 jellies (D:7)
  5 centaur skeletons
  3 gnoll shamans
  Crazy Yiuf (D:4)
  A bullfrog skeleton (D:8)
  17 orc wizards
  11 orc priests
  8 iguanas
  26 worker ants
  2 hound zombies
  A worker ant zombie (D:9)
  27 gnolls
  2 river rats (D:8)
  13 adders
  A howler monkey skeleton (D:9)
  6 shadow imps
  An ooze (D:1)
  3 adder skeletons
  An adder zombie (D:8)
  17 worms
  4 dart slugs
  8 leopard geckos
  75 orcs
  4 giant cockroaches
  5 goblins
  7 hobgoblins
  9 jackals
  4 quokkas
  A ball python (D:3)
  6 bats
  6 frilled lizards
  A jackal skeleton (D:6)
  A jackal zombie (D:6)
  28 kobolds
  A leopard gecko skeleton (D:5)
  A quokka skeleton (D:9)
  6 rats
  5 plants
1201 creatures vanquished.

Vanquished Creatures (collateral kills)
  A black mamba (Lair:5)
1 creature vanquished.

Vanquished Creatures (others)
  A satyr (Shoals:3)
  2 fauns (Shoals:1)
  A redback (Spider:4)
  A human (D:15)
  A sky beast (D:5)
  A slave (D:5)
  A jelly (D:15)
  An orc wizard (Orc:2)
  A kobold (D:14)
  5 fungi
  18 plants
  4 tentacles (Shoals:1)
37 creatures vanquished.

Grand Total: 1239 creatures vanquished

Notes
Turn   | Place    | Note
-------+----------+-------------------------------------------
     0 | D:1      | tilp the Deep Dwarf Fighter began the quest for the Orb.
     0 | D:1      | Reached XP level 1. HP: 20/20 MP: 1/1
   134 | D:1      | Reached XP level 2. HP: 22/27 MP: 2/2
   391 | D:1      | Reached XP level 3. HP: 13/33 MP: 3/3
  1551 | D:3      | Reached XP level 4. HP: 34/40 MP: 4/4
  1574 | D:3      | Found an ornate altar of the Wu Jian Council.
  1574 | D:3      | Found a sacrificial altar of Ru.
  1649 | D:3      | Reached skill level 5 in Axes
  2002 | D:4      | Found a glowing silver altar of Zin.
  2051 | D:4      | Found Idynkuor's Food Shoppe.
  2056 | D:4      | Found a basalt altar of Yredelemnul.
  2089 | D:4      | Reached XP level 5. HP: 22/46 MP: 5/5
  2227 | D:4      | Found a staircase to the Ecumenical Temple.
  2240 | Temple   | Entered the Ecumenical Temple
  2387 | Temple   | Became a worshipper of Makhleb the Destroyer
  2609 | D:4      | Found a runed door.
  2715 | D:4      | Found a bloodstained altar of Trog.
  2849 | D:4      | Noticed Crazy Yiuf
  2854 | D:4      | Killed Crazy Yiuf
  2854 | D:4      | Reached XP level 6. HP: 35/55 MP: 5/5
  2861 | D:4      | Got a transparent mace
  2862 | D:4      | Identified the +5 mace "Beiho" {venom, rN+ MP+9 Str+2} (You found it on level 4 of the Dungeon)
  2891 | D:5      | Entered Level 5 of the Dungeon
  3068 | D:5      | Reached skill level 1 in Maces & Flails
  3557 | D:5      | Noticed a slave
  3557 | D:5      | Noticed a slave
  3558 | D:5      | Noticed a slave
  3559 | D:5      | Noticed Pikel
  3582 | D:5      | Noticed a slave
  3590 | D:5      | Killed Pikel
  3590 | D:5      | Reached skill level 5 in Fighting
  3590 | D:5      | Reached skill level 3 in Maces & Flails
  3590 | D:5      | Reached XP level 7. HP: 24/67 MP: 6/6
  3747 | D:5      | Reached * piety under Makhleb
  3747 | D:5      | Reached XP level 8. HP: 31/76 MP: 7/7
  3985 | D:5      | Reached skill level 4 in Maces & Flails
  4203 | D:6      | Noticed Duvessa
  4224 | D:6      | Noticed Dowan
  4232 | D:6      | Killed Duvessa
  4235 | D:6      | Killed Dowan
  4356 | D:6      | Found a hazy altar of Hepliaklqana.
  4419 | D:6      | Noticed kae's ghost (novice DrTm)
  4453 | D:6      | Reached skill level 5 in Maces & Flails
  5087 | D:7      | Reached ** piety under Makhleb
  5244 | D:7      | Noticed a hornet
  5252 | D:7      | Paralysed by a hornet for 1 turns
  5257 | D:7      | Killed a hornet
  5257 | D:7      | Gained mutation: You passively map the area around you. [Deep Dwarf growth]
  5257 | D:7      | Reached XP level 9. HP: 65/88 MP: 8/8
  5454 | D:7      | Reached skill level 6 in Maces & Flails
  5714 | D:8      | Noticed a centaur warrior
  5725 | D:8      | Killed a centaur warrior
  5735 | D:8      | Reached skill level 7 in Maces & Flails
  5901 | D:8      | Noticed a death yak
  5929 | D:8      | Killed a death yak
  5929 | D:8      | Reached skill level 10 in Fighting
  5929 | D:8      | Reached XP level 10. HP: 99/102 MP: 9/9
  5966 | D:8      | Found an iron altar of Okawaru.
  5972 | D:8      | Reached *** piety under Makhleb
  6139 | D:8      | Reached skill level 1 in Dodging
  6180 | D:8      | Gained mutation: You are agile. (Dex +2) [mutagenic meat]
  6182 | D:8      | Gained mutation: You tend to lose your temper in combat. [mutagenic meat]
  6304 | D:8      | Reached skill level 8 in Maces & Flails
  6516 | D:8      | Found a staircase to the Lair.
  6518 | D:8      | Noticed a death yak
  6526 | D:8      | Noticed a death yak
  6538 | D:8      | Killed a death yak
  6552 | D:8      | Killed a death yak
  6848 | D:9      | Reached **** piety under Makhleb
  6873 | D:9      | Reached skill level 9 in Maces & Flails
  6994 | D:9      | Reached skill level 5 in Armour
  6994 | D:9      | Reached skill level 5 in Shields
  7383 | D:9      | Reached XP level 11. HP: 77/109 MP: 10/10
  7483 | D:9      | Noticed a two-headed ogre
  7492 | D:9      | Killed a two-headed ogre
  7945 | D:10     | Entered Level 10 of the Dungeon
  8170 | D:10     | Reached skill level 10 in Maces & Flails
  8182 | D:10     | Reached skill level 5 in Dodging
  8190 | D:10     | Noticed Snorg
  8207 | D:10     | Killed Snorg
  8207 | D:10     | Reached ***** piety under Makhleb
  8658 | D:10     | Noticed Sonja
  8667 | D:10     | Killed Sonja
  8831 | D:10     | Reached skill level 11 in Maces & Flails
  9424 | D:11     | Noticed Erica
  9429 | D:11     | Found a staircase to the Orcish Mines.
  9446 | D:11     | Killed Erica
  9446 | D:11     | Reached skill level 12 in Maces & Flails
  9613 | D:11     | Found a portal to a secret trove of treasure.
  9789 | D:11     | Reached XP level 12. HP: 116/116 MP: 11/11
 10077 | Lair:1   | Entered Level 1 of the Lair of Beasts
 10599 | Lair:1   | Reached skill level 13 in Maces & Flails
 10925 | Lair:2   | Noticed a catoblepas
 10997 | Lair:2   | Found a dark tunnel.
 11028 | Volcano  | Entered a volcano
 11057 | Volcano  | Reached skill level 1 in Invocations
 11083 | Volcano  | Noticed a two-headed ogre
 11085 | Volcano  | Killed a two-headed ogre
 11087 | Volcano  | Noticed a two-headed ogre
 11089 | Volcano  | Killed a two-headed ogre
 11167 | Volcano  | Found the +2 pair of boots of the Assassin {Detection Stab+ Stlth++}
 11591 | Lair:2   | Killed a catoblepas
 11591 | Lair:2   | Reached skill level 5 in Invocations
 11784 | Lair:2   | Reached ****** piety under Makhleb
 11798 | Lair:2   | Found a staircase to the Shoals.
 13364 | Lair:4   | Reached XP level 13. HP: 97/127 MP: 18/18
 14141 | Lair:4   | Found a hole to the Spider Nest.
 14353 | Lair:4   | Noticed an entropy weaver
 14384 | Lair:4   | Killed an entropy weaver
 14441 | Lair:4   | Noticed an entropy weaver
 14467 | Lair:4   | Killed an entropy weaver
 15307 | Lair:5   | Found the +7 Singing Sword
 15483 | Lair:5   | Noticed a fire dragon
 15522 | Lair:5   | Killed a fire dragon
 15687 | Lair:5   | Got a crude steel ring
 15689 | Lair:5   | Identified the ring "Tarepp" {Str+4 SInv Stlth+} (You found it on level 5 of the Lair of Beasts)
 15870 | Lair:5   | Reached skill level 10 in Invocations
 16373 | Orc:1    | Entered Level 1 of the Orcish Mines
 16482 | Orc:1    | Gained mutation: You resist negative energy. (rN+) [Deep Dwarf growth]
 16482 | Orc:1    | Reached XP level 14. HP: 127/144 MP: 18/18
 16950 | Orc:2    | Entered Level 2 of the Orcish Mines
 16950 | Orc:2    | Found a staircase to the Elven Halls.
 17294 | Orc:2    | Found Amif's Distillery.
 17818 | Orc:2    | Found Qefusk's Assorted Antiques.
 17824 | Orc:2    | Bought a scroll of identify for 54 gold pieces
 17824 | Orc:2    | Found Duicekiwi's Magic Scroll Shop.
 17826 | Orc:2    | Found Rotaw's Book Emporium.
 17832 | Orc:2    | Bought a scroll of enchant armour for 97 gold pieces
 17832 | Orc:2    | Bought a scroll of enchant armour for 97 gold pieces
 17832 | Orc:2    | Bought a scroll of identify for 26 gold pieces
 17869 | Orc:2    | Bought a scroll of remove curse for 39 gold pieces
 17869 | Orc:2    | Bought a scroll of enchant weapon for 97 gold pieces
 17869 | Orc:2    | Bought a scroll of acquirement for 676 gold pieces
 17869 | Orc:2    | Bought 2 scrolls of magic mapping for 91 gold pieces
 17869 | Orc:2    | Bought a scroll of teleportation for 39 gold pieces
 17869 | Orc:2    | Bought a scroll of remove curse for 39 gold pieces
 17894 | Orc:2    | Bought a scroll of teleportation for 81 gold pieces
 17894 | Orc:2    | Bought a scroll labeled QUNTIS IQAM for 27 gold pieces
 17894 | Orc:2    | Bought a scroll labeled QIKLUBOALOU for 27 gold pieces
 17896 | Orc:2    | Bought a potion of agility for 60 gold pieces
 17896 | Orc:2    | Bought a potion of flight for 45 gold pieces
 17896 | Orc:2    | Bought a potion of might for 60 gold pieces
 17896 | Orc:2    | Bought a potion of ambrosia for 120 gold pieces
 17896 | Orc:2    | Bought a potion of might for 60 gold pieces
 17896 | Orc:2    | Bought a potion of might for 60 gold pieces
 17896 | Orc:2    | Bought a potion of invisibility for 120 gold pieces
 17896 | Orc:2    | Bought a potion of heal wounds for 75 gold pieces
 17896 | Orc:2    | Bought a potion of heal wounds for 75 gold pieces
 18167 | D:6      | Killed kae's ghost
 18572 | D:12     | Gained mutation: You are robust. (+10% HP) [mutagenic meat]
 18573 | D:12     | Gained mutation: You evolve. [mutagenic meat]
 18574 | D:12     | Gained mutation: Your body sometimes deteriorates upon taking damage. [mutagenic meat]
 18575 | D:12     | Lost mutation: You tend to lose your temper in combat. [mutagenic meat]
 18576 | D:12     | Gained mutation: Your spells are a little harder to cast, but a little more powerful. [mutagenic meat]
 18577 | D:12     | Gained mutation: You can translocate small distances at will. [mutagenic meat]
 18780 | D:13     | Found a gate to the Vaults.
 18780 | D:13     | Noticed Nessos
 18780 | D:13     | Noticed Urug
 19087 | D:13     | Killed Urug
 19213 | D:13     | Killed Nessos
 19976 | D:14     | Reached skill level 15 in Fighting
 20162 | D:14     | Found a snail-covered altar of Cheibriados.
 21012 | D:15     | Entered Level 15 of the Dungeon
 21014 | D:15     | Noticed Kirke
 21038 | D:15     | Killed Kirke
 21038 | D:15     | Reached XP level 15. HP: 169/169 MP: 18/18
 21263 | D:15     | Reached skill level 10 in Armour
 21263 | D:15     | Reached skill level 10 in Dodging
 21484 | D:15     | Reached skill level 14 in Maces & Flails
 21809 | D:15     | Found a staircase to the Depths.
 22129 | Lair:6   | Entered Level 6 of the Lair of Beasts
 22640 | Lair:6   | Reached skill level 15 in Maces & Flails
 22877 | Lair:6   | Found a staircase to the Slime Pits.
 22880 | Lair:6   | Found a viscous altar of Jiyva.
 23353 | Lair:6   | Found a large runed door.
 23354 | Lair:6   | Found a large runed door.
 23850 | Shoals:1 | Entered Level 1 of the Shoals
 24065 | Shoals:1 | Reached XP level 16. HP: 127/181 MP: 19/19
 24137 | Shoals:1 | Noticed a kraken
 24262 | Shoals:1 | Reached skill level 16 in Maces & Flails
 24726 | Shoals:1 | Reached XP level 17. HP: 150/189 MP: 20/20
 25064 | Shoals:2 | Got a polished short sword
 25065 | Shoals:2 | Identified the +8 short sword of Marode {venom, Int+2} (You found it on level 2 of the Shoals)
 25440 | Shoals:3 | Reached skill level 17 in Maces & Flails
 26655 | Spider:1 | Entered Level 1 of the Spider Nest
 26699 | Spider:1 | Noticed Nikola
 27175 | Spider:1 | Noticed Asterion
 27207 | Spider:2 | Reached skill level 18 in Maces & Flails
 27215 | Spider:2 | Got a smoking short sword
 27216 | Spider:2 | Identified the +8 short sword "Killer Bee's Regret" {freeze, rC+} (You found it on level 2 of the Spider Nest)
 27259 | Spider:2 | Noticed Azrael
 27278 | Spider:2 | Killed Azrael
 27742 | Spider:2 | Gained mutation: You passively map a large area around you. [Deep Dwarf growth]
 27742 | Spider:2 | Reached XP level 18. HP: 68/202 MP: 19/19
 28138 | Spider:2 | Gained mutation: You have sharp toenails. [evolution]
 28204 | Spider:3 | Noticed Jorgrun
 28240 | Spider:2 | Killed Jorgrun
 28329 | Spider:3 | Reached skill level 19 in Maces & Flails
 29130 | Spider:4 | Entered Level 4 of the Spider Nest
 30767 | Spider:4 | Got a gossamer rune of Zot
 31009 | Shoals:4 | Entered Level 4 of the Shoals
 31503 | Shoals:4 | HP: 10/207 [poisoned by a merfolk javelineer]
 31612 | Shoals:4 | Reached XP level 19. HP: 77/217 MP: 16/16
 31701 | Shoals:4 | Killed from afar by a merfolk aquamancer

Vault maps used:
D:1:      lightli_iron_boxes
D:2:      first_bread
D:3:      gammafunk_temple_overflow_elements, minmay_misc_feat_secret_circle,
          minmay_misc_feat_x
D:4:      zin_academy, grunt_temple_overflow_open, minmay_temple_entry_mist,
          serial_shops, shop, uniq_crazy_yiuf_cottage
D:5:      grunt_ministairs_14, uniq_pikel
D:6:      marbit_many_paths, hangedman_glass_teeth, minivault_11, uniq_duvessa
D:7:      grunt_decor_arrowhead
D:8:      hangedman_cross_stitches, dpeg_lair_monsters,
          okawaru_altar_gauntlet_db
D:9:      the_bakery
D:10:     uniq_snorg, uniq_sonja
D:11:     orc_0_dummy, enter_trove_3, uniq_erica
D:13:     david_vaults_3, hangedman_decor_clover_reticule
D:14:     serial_co_window_serial, co_window_paths_a, co_window_paths_a,
          co_window_corner_a, co_window_of_opportunity_a, co_window_paths_a,
          co_window_2corner, co_window_unsneaky_path_b, co_window_cross_4,
          co_window_of_opportunity_b, co_window_4corner_a, basic_altar
D:15:     grunt_enter_depths_hoard, hangedman_decor_growths, uniq_kirke
Temple:   nicolae_temple_elliptical
Lair:1:   small_statue_intersection, hibernation_bobbens
Lair:2:   elwin_shoals_entry_stream, nicolae_volcano_entry_lava_flow,
          serial_forest, infiniplex_forest_clump_long,
          infiniplex_forest_clump_cross, infiniplex_forest_split,
          infiniplex_forest_lined_1, infiniplex_forest_clump_C,
          infiniplex_forest_lined_3, infiniplex_forest_lined_corner,
          infiniplex_forest_lined_room_2, infiniplex_forest_clump_diagonal,
          infiniplex_forest_corner_1, serial_bayou_shore_b
Lair:3:   beast_lair_carwin_large_1
Lair:4:   nicolae_spider_entry_non_spiders, zaba_antful_of_joy,
          grunt_megastairs_1
Lair:5:   dragon1_lemuel, nicolae_quartered_pool_medium, worms_lemuel
Lair:6:   cheibrodos_lair_end_hotspot, slime_altar_1
Shoals:3: nicolae_shoals_siren_and_animal_friends
Shoals:4: shoals_end_simple, shoals_ilsuiw_ice
Spider:1: uniq_nikola, uniq_asterion
Spider:2: spiders_nest_a, uniq_azrael
Spider:3: nicolae_spider_hall_of_the_moth_king, uniq_jorgrun
Spider:4: spider_rune_water, nicolae_orb_island
Orc:1:    cheibrodos_orc_guarddog
Orc:2:    st_orc_elflike
Volcano:  volcano_village

Skill      XL: |  1  2  3  4  5  6  7  8  9 10 11 12 13 14 15 16 17 18 |
---------------+-------------------------------------------------------+-----
Axes           | 3 4 6 7 |  7.0
Fighting       | 5 6 8 10 11 14 15 16 17 18 | 18.8
Maces & Flails | 3 5 7 9 12 13 15 16 18 19 | 19.7
Dodging        | 4 6 9 10 | 10.0
Armour         | 5 6 9 10 | 10.0
Shields        | 5 6 |  6.0
Invocations    | 8 10 | 10.3

Action                   |  1- 3 |  4- 6 |  7- 9 | 10-12 | 13-15 | 16-18 | 19-21 || total
-------------------------+-------+-------+-------+-------+-------+-------+-------++-------
Melee: War axe           |   157 |    85 |       |       |       |       |       ||   242
       Mace              |       |    57 |   255 |   967 |  1995 |   233 |       ||  3507
       Great mace        |       |       |       |       |       |  1294 |    20 ||  1314
Throw: Stone             |     3 |       |     2 |       |       |       |       ||     5
       Javelin           |       |       |     3 |    13 |     5 |    28 |     5 ||    54
Invok: Major Destruction |       |       |       |       |     4 |       |       ||     4
       Lesser Servant of |       |       |       |       |     1 |     1 |       ||     2
 Abil: Heal Wounds       |     1 |     1 |     2 |     1 |     5 |    33 |       ||    43
Evoke: Wand              |       |       |     3 |       |     3 |       |       ||     6
  Use: Scroll            |       |    11 |     1 |    10 |    15 |    11 |       ||    48
       Potion            |       |     2 |     1 |       |       |    22 |       ||    25
 Stab: Paralysed         |       |       |       |       |     1 |       |       ||     1
  Eat: Chunk             |     2 |     6 |     7 |    30 |    31 |    17 |       ||    93
       Fruit             |       |     1 |     1 |     2 |     6 |     6 |       ||    16
       Royal jelly       |       |       |       |       |     3 |     3 |       ||     6
Armor: Scale mail        |    54 |       |       |       |       |       |       ||    54
       Plate armour      |    24 |    85 |   127 |   399 |   301 |       |       ||   936
       Chain mail        |       |       |       |       |   497 |  1411 |    13 ||  1921
Dodge: Dodged            |    37 |    19 |    31 |   216 |   582 |  1331 |    13 ||  2229
Block: Shield            |    68 |    58 |   100 |   465 |  1238 |   219 |       ||  2148
       Reflection        |       |       |       |       |    19 |    22 |       ||    41
       Other             |       |       |       |       |       |   240 |     3 ||   243

Table legend:
 A = Spawn XP
 B = Non-spawn XP
 C = Spawn XP percentage of total XP
 D = Spawn monster count
 E = Non-spawn monster count
 F = Spawn count percentage of total count
 G = Total turns spent on level
                    A         B        C        D         E        F      G
               +---------+---------+-------+---------+---------+-------+---------
         Total |       0 |  313591 |   0.0 |       0 |    1202 |   0.0 | 31701
               +---------+---------+-------+---------+---------+-------+---------
           D:1 |       0 |      57 |   0.0 |       0 |      27 |   0.0 |   844
           D:2 |       0 |      34 |   0.0 |       0 |      14 |   0.0 |   681
           D:3 |       0 |      85 |   0.0 |       0 |      17 |   0.0 |   464
           D:4 |       0 |     204 |   0.0 |       0 |      10 |   0.0 |   740
           D:5 |       0 |    1272 |   0.0 |       0 |      29 |   0.0 |  1296
           D:6 |       0 |    1580 |   0.0 |       0 |      24 |   0.0 |   913
           D:7 |       0 |     941 |   0.0 |       0 |      18 |   0.0 |   641
           D:8 |       0 |    5524 |   0.0 |       0 |      58 |   0.0 |  1074
           D:9 |       0 |    3536 |   0.0 |       0 |      39 |   0.0 |  1365
          D:10 |       0 |    5282 |   0.0 |       0 |      50 |   0.0 |  1372
          D:11 |       0 |    5597 |   0.0 |       0 |      48 |   0.0 |  1010
          D:12 |       0 |    2974 |   0.0 |       0 |      14 |   0.0 |   452
          D:13 |       0 |   10565 |   0.0 |       0 |      34 |   0.0 |  1043
          D:14 |       0 |    9049 |   0.0 |       0 |      40 |   0.0 |  1205
          D:15 |       0 |   17809 |   0.0 |       0 |      39 |   0.0 |   896
        Lair:1 |       0 |    3390 |   0.0 |       0 |      15 |   0.0 |   904
        Lair:2 |       0 |    4758 |   0.0 |       0 |      21 |   0.0 |  1265
        Lair:3 |       0 |    5524 |   0.0 |       0 |      26 |   0.0 |  1204
        Lair:4 |       0 |   15907 |   0.0 |       0 |      69 |   0.0 |  1444
        Lair:5 |       0 |   10788 |   0.0 |       0 |      52 |   0.0 |  1582
        Lair:6 |       0 |   27259 |   0.0 |       0 |      97 |   0.0 |  1610
      Shoals:1 |       0 |   16455 |   0.0 |       0 |      30 |   0.0 |   935
      Shoals:2 |       0 |   12525 |   0.0 |       0 |      27 |   0.0 |   824
      Shoals:3 |       0 |   29546 |   0.0 |       0 |      52 |   0.0 |  1184
      Shoals:4 |       0 |   16085 |   0.0 |       0 |      33 |   0.0 |   483
      Spider:1 |       0 |    1743 |   0.0 |       0 |       6 |   0.0 |   147
      Spider:2 |       0 |   43565 |   0.0 |       0 |     116 |   0.0 |  1661
      Spider:3 |       0 |   15574 |   0.0 |       0 |      41 |   0.0 |   751
      Spider:4 |       0 |   32749 |   0.0 |       0 |      80 |   0.0 |  1653
         Orc:1 |       0 |    1379 |   0.0 |       0 |      20 |   0.0 |   723
         Orc:2 |       0 |   10000 |   0.0 |       0 |      47 |   0.0 |   955
       Volcano |       0 |    1835 |   0.0 |       0 |       9 |   0.0 |   218
               +---------+---------+-------+---------+---------+-------+---------
